 Dungeon Crawl Stone Soup version 0.29-a0-885-gb26ba3297d (webtiles) character file.

Game seed: 6698452494318411401

129 jimonade the Covert (level 4, -4/26 HPs)
             Began as a Vampire Brigand on July 21, 2022.
             Killed from afar by Natasha (11 damage)
             ... with a bolt of light
             ... on level 3 of the Dungeon.
             The game lasted 00:05:16 (2498 turns).

jimonade the Covert (Vampire Brigand)               Turns: 2498, Time: 00:05:17

Health: -4/26      AC:  4    Str: 10    XL:     4   Next: 88%
Magic:  4/4        EV: 12    Int: 13    God:
Gold:   102        SH:  0    Dex: 17    Spells: 3/3 levels left

rFire   . . .      SeeInvis +   a - +3 dagger
rCold   + + .      Faith    .   (no shield)
rNeg    + + +      Spirit   .   b - +0 robe
rPois   ∞          Reflect  .   (no helmet)
rElec   .          Harm     .   c - +1 cloak
rCorr   .          Rampage  .   (no gloves)
Will    .....                   (no boots)
Stlth   ++++++....              r - amulet of regeneration
HPRegen 0.00/turn               k - ring of flight
MPRegen 0.09/turn               (no ring)

@: flying, bloodless, inhibited regen
A: bloodless, fangs 3, see invisible, vampiric 2
a: Bat Form, Revivify


You were on level 3 of the Dungeon.
You visited 1 branch of the dungeon, and saw 3 of its levels.

You collected 102 gold pieces.

Inventory:

Hand Weapons
 a - a +3 dagger (weapon)
 h - a +0 short sword of speed
 p - a +0 spear
 w - a +0 sling
Missiles
 d - 9 poisoned darts (quivered)
 e - 3 curare-tipped darts
 i - 25 stones
Armour
 b - a +0 robe (worn)
 c - a +1 cloak (worn)
 x - a +0 scale mail
Jewellery
 k - a ring of flight (left hand)
 r - an amulet of regeneration (around neck)
 t - an amulet of faith
Scrolls
 q - a scroll of amnesia
Potions
 j - a potion of mutation {unknown}
 l - 2 potions of heal wounds
 m - a potion of ambrosia {unknown}
 v - a potion of might {unknown}


   Skills:
 + Level 2.1 Fighting
 + Level 3.0 Short Blades
 - Level 1.5 Throwing
 + Level 1.8 Dodging
 * Level 8.5 Stealth


You had 3 spell levels left.
You didn't know any spells.
Your spell library was empty.

Dungeon Overview and Level Annotations

Branches:
Dungeon (3/15)

Altars:
Kikubaaqudgha

Annotations:
D:3 Natasha


Innate Abilities, Weirdness & Mutations

You do not regenerate when monsters are visible.
You are frail without blood (-20% HP).
You can heal yourself when you bite living creatures.
You are immune to poison.
You have razor-sharp teeth.
You have supernaturally acute eyesight. (SInv)
You are afflicted with vampirism and can become a bat while bloodless.


Message History

Found a stone staircase leading down.
You see here a +0 hand axe.
An adder comes into view.
You catch the helpless adder completely off-guard!
You bite the adder, and draw its blood! You impale the adder!!
You kill the adder!
Your Short Blades skill increases to level 3!
No target in view!
No target in view!
A goblin comes into view. It is wielding a +0 dagger.
Found 15 gold pieces.
You see here an adder corpse.
The helpless goblin fails to defend itself.
You bite the goblin, and draw its blood!
You skewer the goblin like a kebab!!!
You kill the goblin!
Things that are here:
a +0 dagger; a goblin corpse You now have 102 gold pieces (gained 15).
Natasha, Servant of Life and Death comes into view.
She is carrying a wand of light (10).
Natasha hisses angrily.
A giant cockroach comes into view.
Natasha casts a spell.
There are monsters nearby!
An adder comes into view.
Found a shortbow.
Natasha zaps a wand.
The bolt of light hits you!
Ouch! That really hurt!
You are too injured to fight recklessly!
Natasha casts a spell.
Unknown command.
The crimson imp blinks!
The crimson imp hits you.
You closely miss the crimson imp. You bite the crimson imp.
The crimson imp is moderately wounded.
The crimson imp disappears in a puff of smoke!
Natasha casts a spell at you. The magic dart hits you.
* * * LOW HITPOINT WARNING * * *
Natasha zaps a wand.
The bolt of light hits you!
You die...

##......##.##
....#........# ...# #
#...#...#..# #...#
##.........# #...#
.....##...##.# #...#
...h.
#...##.######...#####
...B..
#...##...............
...S.
#....h..)............
...).
###..#.@.§...........
##.########†..####
#.# #...# #.# #...#
#.# #...# #.# #...#
#.# #...# #...###
#########.....######


You could see Natasha.

Vanquished Creatures
  Terence (D:2)
  4 adders
  A dart slug (D:1)
  4 orcs (D:3)
  8 bats
  4 endoplasms
  3 giant cockroaches (D:1)
  5 goblins
  2 hobgoblins (D:1)
  4 jackals (D:2)
  6 kobolds
  3 quokkas
  4 ball pythons
  3 frilled lizards
  5 rats
57 creatures vanquished.

Notes
Turn   | Place    | Note
-------+----------+-------------------------------------------
     0 | D:1      | jimonade the Vampire Brigand began the quest for the Orb.
     0 | D:1      | Reached XP level 1. HP: 16/16 MP: 1/1
    47 | D:1      | Reached skill level 6 in Stealth
    98 | D:1      | Reached XP level 2. HP: 11/17 MP: 2/2
   468 | D:1      | Found a faded altar of an unknown god.
   639 | D:1      | Reached skill level 7 in Stealth
   973 | D:1      | Gained mutation: You are afflicted with vampirism and can
                  | become a bat while bloodless. [Vampire growth]
   973 | D:1      | Reached XP level 3. HP: 21/21 MP: 3/3
  1498 | D:2      | Found an ancient bone altar of Kikubaaqudgha.
  1522 | D:2      | Noticed Terence
  1531 | D:2      | Killed Terence
  1532 | D:2      | Reached skill level 8 in Stealth
  1532 | D:2      | Reached XP level 4. HP: 26/26 MP: 4/4
  2485 | D:3      | Noticed Natasha
  2498 | D:3      | Killed from afar by Natasha

Illustrated notes

Levels and vault maps discovered:
D:1:      saegor_arrival_under_anarchy, layout_loops_cross,
          dreamdust_ecumenical_altar_angels_and_demons,
          minmay_misc_feat_more_columns, chequers_serial_rivers_large_b,
          minmay_tree_intersection
D:2:      layout_basic, basic_altar, uniq_terence
D:3:      minmay_wonky_spiral, layout_loops_cross, serial_shops, shop,
          grunt_ministairs_12, kennysheep_generic_room_4, uniq_natasha

Skill      XL: |  1  2  3  4 |
---------------+-------------+-----
Stealth        | 6 7 8 |  8.5
Fighting       | 2 |  2.1
Short Blades   | 3 |  3.0
Throwing       | |  1.5
Dodging        | |  1.8

Action                   |  1- 3 |  4- 6 || total
-------------------------+-------+-------++-------
Melee: Dagger            |   109 |    43 ||   152
       Bite              |     7 |     5 ||    12
 Abil: Exsanguinate      |     1 |       ||     1
  Use: Scroll            |       |     7 ||     7
 Stab: Sleeping          |    16 |     7 ||    23
       Distracted        |       |     2 ||     2
Armor: Robe              |    25 |     7 ||    32
Dodge: Dodged            |    66 |    17 ||    83

Table legend: (Time is in decaauts)
 A = Elapsed time spent in this place.
 B = Non-inter-level travel time spent in this place.
 C = Inter-level travel time spent in this place.
 D = Time resting spent in this place.
 E = Time spent auto-exploring this place.
 F = Levels seen in this place.
 G = Mean time per level.
                   A        B        C        D        E       F      G
               +--------+--------+--------+--------+--------+-----+--------+
         Total |   2504 |   2414 |     90 |    207 |   1712 |   3 |  834.7 |
       Dungeon |   2504 |   2414 |     90 |    207 |   1712 |   3 |  834.7 |
               +--------+--------+--------+--------+--------+-----+--------+

Top non-repeatable levels by time:
     D:1: 1101 daAuts
     D:2: 975 daAuts
     D:3: 428 daAuts
